 Dungeon Crawl Stone Soup version 0.31.0-32-g396128a36d (webtiles) character file.

Game seed: 13170809313917831461

483 mainiacjoe the Ruffian (level 7, 0/64 HPs)
             Began as an Octopode Shapeshifter on Mar 29, 2024.
             Slain by an orc priest
             ... wielding a +0 trident
              (6 damage)
             ... on level 4 of the Dungeon.
             The game lasted 00:06:27 (2430 turns).

mainiacjoe the Ruffian (Octopode Shapeshifter)      Turns: 2430, Time: 00:06:28

Health: 0/64       AC: 23    Str: 18    XL:     7   Next: 12%
Magic:  7/7        EV:  2    Int: 12    God:
Gold:   217        SH:  8    Dex: 13    Spells: 6/6 levels left

rFire   + .          .
                       - Unarmed
rCold   . . .        d - +3 buckler "Suecvaol" {Rampage rF+ Str+2 Dex+2}
rNeg    . . .        (helmet currently unavailable)
rPois   +            m - amulet of regeneration
rElec   .            (no ring)
rCorr   .            (no ring)
SInv    .            (no ring)
Will    .....        (no ring)
Stlth   +            (no ring)
HPRegen 1.10/turn    (no ring)
MPRegen 0.10/turn    (no ring)
                     (no ring)

%: rampage
@: mighty, lethally poisoned (0 -> 0), tree-form
A: stationary, stasis, torment immunity, boosted hp, almost no armour,
(amphibious), 8 rings, (camouflage 1), (gelatinous body 1), (nimble swimmer 1),
(tentacles)
a: no special abilities


You were on level 4 of the Dungeon.
You were a tree.
You visited 1 branch of the dungeon, and saw 4 of its levels.

You collected 217 gold pieces.

Inventory:

Hand Weapons
 b - a +1 sling
 n - a +2 dagger of electrocution
Missiles
 j - 6 poisoned darts
 k - 12 stones
 q - 4 boomerangs
Armour
 d - the +3 buckler "Suecvaol" (worn) {Rampage rF+ Str+2 Dex+2}
   (You acquired it on level 1 of the Dungeon)

   Str+2:     It affects your strength (+2).
   Dex+2:     It affects your dexterity (+2).
   rF+:       It protects you from fire.
   Rampage:   It bestows one free step when moving towards enemies.
Jewellery
 i - an amulet of guardian spirit
 m - an amulet of regeneration (around neck)
 o - an amulet of magic regeneration
Talismans
 c - a flux talisman
 l - a beast talisman
Scrolls
 f - a scroll of amnesia
 g - 3 scrolls of teleportation
 h - 2 scrolls of fog
Potions
 e - a potion of might
 p - a potion of resistance


   Skills:
 + Level 1.4 Fighting
 - Level 2.0 Dodging
 + Level 4.0 Shields
 * Level 6.2 Unarmed Combat
 * Level 3.3 Shapeshifting


You had 6 spell levels left.
You didn't know any spells.
Your spell library was empty.

Dungeon Overview and Level Annotations

Branches:
Dungeon (4/15)
 Temple: D:4-7

Altars:
Hepliaklqana

Annotations:
D:4 Blork the orc, Sigmund


Innate Abilities, Weirdness & Mutations

You are a tree.
Your roots penetrate the ground, keeping you stationary.
You cannot be teleported.
You are immune to unholy pain and torment.
Your maximum health is greatly increased.
You cannot wear most types of armour.
((You are amphibious.))
You can wear up to eight rings at the same time.
((Your skin changes colour to match your surroundings (Stealth+).))
((Your rubbery body absorbs attacks. (AC +1, EV +1)))
((You are camouflaged when in or above water. (Stealth+)))
((You have tentacles for arms and can constrict up to eight enemies at once.))


Message History

You tentacle-slap the orc priest.
You tentacle-slap the orc priest, but do no damage.
The orc priest is lightly wounded.
You constrict the orc priest. The adder bites you. You block the orc's attack.
You block the orc priest's attack. The orc hits you with a +0 whip.
The adder bites you.
You are poisoned.
The adder poisons you!
You tentacle-slap the orc priest.
The orc priest is severely wounded.
You constrict the orc priest.
You feel sick. The orc closely misses you. You block the orc's attack.
The orc priest barely misses you. The adder bites you.
You are more poisoned.
The adder poisons you!
The orc priest calls upon Beogh to heal the orc priest.
The orc priest is healed somewhat.
You block the orc's attack.
You feel very mighty all of a sudden.
You constrict the orc priest, but do no damage.
You feel sick. The adder barely misses you.
The orc priest calls down the wrath of Beogh upon you.
You struggle to resist.
The orc hits you with a +0 dagger. The orc hits you with a +0 whip.
* * * LOW HITPOINT WARNING * * *
The orc hits you with a +0 falchion.
* * * LOW HITPOINT WARNING * * *
Your transformation has ended.
You turn into a tree.
Your roots penetrate the ground.
You lose your grip on the orc priest.
You feel sick. You block the adder's attack.
The orc hits you but does no damage. You block the orc priest's attack.
The orc hits you with a +0 dagger.
* * * LOW HITPOINT WARNING * * *
The orc hits you but does no damage.
You barely miss the orc priest.
The orc priest is heavily wounded.
You feel sick. The adder bites you but does no damage.
The orc hits you but does no damage. You block the orc's attack.
The orc barely misses you.
The orc priest hits you with a +0 trident.
You die...

.#+# ##...#####...##
+......#......+
##......#...)..##
#.......#.......#
#.o.....+.......#
#ooo....#.......#
#####♣S....#.....B##..
###...'.o....#......o...
#...####...#####...##...
#.### .#+#...#M#.# . #
#.# ###.......#####
@.###.##.#
#...........#.#+#
#........#
###.........##...#
#..#####.#
#.+.......).g..###
#.#####.##.......###g...


You could see 2 orc priests, an adder and 3 orcs.

Vanquished Creatures
  Menkaure (D:3)
  A phantom (D:3)
  A scorpion (D:3)
  A jelly (D:3)
  A hound (D:3)
  An orc priest (D:3)
  An orc wizard (D:4)
  3 adders
  2 dart slugs
  2 ribbon worms
  6 orcs
  6 ball pythons
  5 bats
  5 endoplasms
  4 giant cockroaches (D:1)
  6 goblins
  5 hobgoblins
  5 jackals
  2 quokkas
  A frilled lizard (D:3)
  6 kobolds
  7 rats
72 creatures vanquished.

Notes
Turn   | Place    | Note
-------+----------+-------------------------------------------
     0 | D:1      | mainiacjoe the Octopode Shapeshifter began the quest for
                  | the Orb.
     0 | D:1      | Reached XP level 1. HP: 13/13 MP: 1/1
   174 | D:1      | Reached XP level 2. HP: 18/18 MP: 2/2
   301 | D:1      | Found a faded altar of an unknown god.
   481 | D:1      | Reached skill level 4 in Unarmed Combat
   506 | D:1      | Reached XP level 3. HP: 20/23 MP: 3/3
   757 | D:1      | Identified a scroll of acquirement
   757 | D:1      | Acquired the +3 buckler "Suecvaol" {Rampage rF+ Str+2
                  | Dex+2}
   872 | D:2      | Reached skill level 1 in Shields
   874 | D:2      | Reached XP level 4. HP: 28/28 MP: 4/4
  1450 | D:3      | Found a hazy altar of Hepliaklqana.
  1457 | D:3      | Reached skill level 5 in Unarmed Combat
  1457 | D:3      | Reached XP level 5. HP: 33/33 MP: 5/5
  1825 | D:3      | Reached XP level 6. HP: 33/38 MP: 6/6
  2266 | D:4      | Noticed Menkaure
  2267 | D:4      | Noticed Blork the orc
  2296 | D:3      | Reached skill level 6 in Unarmed Combat
  2370 | D:3      | Killed Menkaure
  2371 | D:3      | Reached XP level 7. HP: 28/43 MP: 7/7
  2411 | D:4      | Noticed Sigmund
  2430 | D:4      | Slain by an orc priest

Illustrated notes

Levels and vault maps discovered:
D:1:      onia_arrival_pyramid, layout_basic, shapermc_ecumenical_altar_venn
D:2:      layout_basic
D:3:      layout_loops_ring, mainiacjoe_overflow_six_doors_small,
          kennysheep_nondescript, minmay_bisected
D:4:      nicolae_cairo_tiling_very_big, layout_loops_ring, uniq_menkaure,
          uniq_sigmund, uniq_blork_the_orc

Skill      XL: |  1  2  3  4  5  6 |
---------------+-------------------+-----
Unarmed Combat | 4 5 6 |  6.2
Shields        | 1 2 3 4 |  4.0
Fighting       | |  1.4
Dodging        | |  2.0
Shapeshifting  | |  3.3

Action                     |  1- 3 |  4- 6 |  7- 9 || total
---------------------------+-------+-------+-------++-------
  Melee: Unarmed           |    58 |    53 |     7 ||   118
         Constrict         |    10 |    15 |     2 ||    27
         Tentacles         |     9 |    11 |     1 ||    21
         Punch             |     1 |     4 |     1 ||     6
   Fire: Sling             |       |    24 |       ||    24
  Throw: Stone             |    12 |       |       ||    12
    Use: Scroll            |     4 |     5 |       ||     9
         Potion            |       |       |     2 ||     2
   Stab: Sleeping          |     2 |     6 |     1 ||     9
 Armour: Skin              |    21 |    10 |    15 ||    46
  Dodge: Dodged            |    29 |    25 |     7 ||    61
  Block: Buckler           |     2 |    11 |     9 ||    22
